 Dungeon Crawl Stone Soup version 0.30.1-8-g117510f58f (webtiles) character file.

Game seed: 16929179486262397689

7219 monsoonserge the Cutter (level 10, 0/79 HPs)
             Began as a Demonspawn Monk on Sept 23, 2023.
             Was a Believer of Vehumet.
             Slain by a vampire (9 damage)
             ... on level 9 of the Dungeon.
             The game lasted 00:28:24 (9350 turns).

monsoonserge the Cutter (Demonspawn Monk)           Turns: 9350, Time: 00:28:24

Health: 0/79       AC: 15    Str: 11    XL:     10   Next: 87%
Magic:  3/16       EV: 18    Int: 24    God:    Vehumet [**....]
Gold:   722        SH: 15    Dex: 20    Spells: 6/9 levels left

rFire   . . .        u - +6 Majin-Bo {spellvamp, MP+6 Int+6}
rCold   . . .        U - +0 kite shield
rNeg    . . .        M - +0 acid dragon scales
rPois   .            a - +0 helmet
rElec   .            s - +0 cloak
rCorr   +            G - +0 pair of gloves
SInv    .            (no boots)
Will    .....        Q - amulet "Qushonn" {Faith Rampage Slay+3}
Stlth   ++           C - +5 ring of evasion
HPRegen 0.33/turn    j - +6 ring of intelligence
MPRegen 0.15/turn

%: rampage, faith
@: very slightly contaminated
A: foul stench 1, icemail 1, condensation shield, weakness stinger 2
a: Renounce Religion


You were on level 9 of the Dungeon.
You worshipped Vehumet.
Vehumet was pleased with you.
You visited 2 branches of the dungeon, and saw 10 of its levels.
You also visited: Sewer.

You collected 722 gold pieces.

Inventory:

Hand Weapons
 u - the +6 Majin-Bo (weapon) {spellvamp, MP+6 Int+6}
   (You acquired it on level 9 of the Dungeon)

   Int:       It affects your intelligence (+6).
   MP:        It affects your magic capacity (+6).
 R - the +7 rapier of Carved Blind Justice {venom, rPois rN++}
   (You found it on level 7 of the Dungeon)

   rPois:     It protects you from poison.
   rN:        It greatly protects you from negative energy.
Missiles
 b - 3 atropa-tipped darts
 g - 43 poisoned darts (quivered)
 x - a curare-tipped dart
 T - 3 boomerangs
Armour
 a - a +0 helmet (worn)
 d - an orb of light
 i - a +0 buckler
 s - a +0 cloak (worn)
 G - a +0 pair of gloves (worn)
 M - +0 acid dragon scales (worn)
 U - a +0 kite shield (worn)
Magical Staves
 k - a staff of fire
Jewellery
 j - a +6 ring of intelligence (right hand)
 C - a +5 ring of evasion (left hand)
 K - a ring of protection from cold
 P - a ring of flight
 Q - the amulet "Qushonn" (around neck) {Faith Rampage Slay+3}
   (You found it on level 7 of the Dungeon)

   [amulet of faith]

   It allows you to gain divine favour quickly.
   Slay:      It affects your accuracy & damage with ranged weapons and melee
   (+3).
   Rampage:   It bestows one free step when moving towards enemies.
Wands
 o - a wand of flame (6)
 y - a wand of paralysis (20)
 S - a wand of light (10)
Scrolls
 f - 7 scrolls of teleportation
 l - 2 scrolls of poison
 m - 3 scrolls of blinking
 q - 3 scrolls of enchant weapon
 t - 2 scrolls of butterflies
 v - 2 scrolls of magic mapping
 A - 4 scrolls of enchant armour {unknown}
 I - a scroll of amnesia {unknown}
 J - 2 scrolls of torment
 L - a scroll of silence {unknown}
 N - a scroll of immolation {unknown}
 O - 3 scrolls of fear
Potions
 c - 2 potions of ambrosia
 e - 8 potions of curing {unknown}
 h - 3 potions of haste
 n - 3 potions of brilliance
 p - 3 potions of heal wounds
 r - a potion of degeneration {unknown}
 w - a potion of mutation {unknown}
 z - a potion of might {unknown}
 B - a potion of invisibility
 D - 2 potions of lignification {unknown}
 E - 2 potions of cancellation {unknown}
 F - 2 potions of resistance {unknown}
 H - 2 potions of flight {unknown}


   Skills:
 + Level 7.1 Fighting
 + Level 7.7(8.1) Short Blades
 - Level 3.8(6.2) Long Blades
 * Level 5.5 Armour
 + Level 6.5 Dodging
 + Level 2.4 Stealth
 * Level 7.5 Shields
 * Level 0.5 Conjurations
 * Level 0.4 Fire Magic
 - Level 1.0 Evocations


You had 6 spell levels left.
You knew the following spells:

 Your Spells              Type           Power      Damage    Failure   Level
a - Foxfire               Conj/Fire      8%         2x1d4     50%         1
b - Scorch                Fire           4%         2d5       65%         2

Your spell library contained the following spells:

 Spells                   Type           Power      Damage    Failure   Level
 Kiss of Death            Conj/Necr      4%         2d5       52%         1
 Static Discharge         Conj/Air       2%         2-3/arc   67%         2
 Cigotuvi's Dreadful Rot  Necr/Pois/Air  0%         N/A       71%         2
 Poisonous Vapours        Pois/Air       0%         N/A       71%         2
 Sublimation of Blood     Necr           0%         N/A       71%         2
 Wereblood                Tmut           0%         N/A       71%         2
 Mephitic Cloud           Conj/Pois/Air  0%         N/A       88%         3
 Ignite Poison            Fire/Tmut/Pois 0%         N/A       89%         3
 Confusing Touch          Hex            0%         N/A       90%         3
 Fulminant Prism          Conj/Hex       0%         3d5       99%         4
 Dispel Undead            Necr           0%         3d6       100%        4
 Summon Lightning Spire   Summ/Air       0%         N/A       100%        4
 Freezing Cloud           Conj/Ice/Air   0%         6-21      100%        5
 Summon Hydra             Summ           0%         N/A       100%        7
 Discord                  Hex            0%         N/A       100%        8


Dungeon Overview and Level Annotations

Branches:
Dungeon (9/15)             Temple (1/1) D:4            Lair (0/5) D:8
    Orc (0/2) D:9           Sewer (visited)

Altars:
Ashenzari
Cheibriados
Dithmenos
Fedhas
Gozag
Hepliaklqana
Kikubaaqudgha
Makhleb
Nemelex Xobeh
Okawaru
Qazlal
Ru
Sif Muna
Trog
Uskayaw
Vehumet
Wu Jian
Xom
Yredelemnul

Shops:
D:5 *


Innate Abilities, Weirdness & Mutations

You may rarely emit foul miasma when damaged in melee.
A meltable icy envelope protects you from harm. (AC +4)
A meltable shield of frost defends you. (SH +4)
You have a tail ending in a sharp stinger.


Message History

You miscast Scorch.
Nothing appears to happen.
* * * LOW HITPOINT WARNING * * *
You block something's attack. Something bites you but does no damage.
Casting: Scorch (dangerous; 65% risk of failure)
Confirm with . or Enter, or press ? or * to list all spells.
You miscast Foxfire.
Nothing appears to happen.
* * * LOW HITPOINT WARNING * * *
Something hits you but does no damage. Something bites you but does no damage.
Unknown command.
Casting: Foxfire (safe; 50% risk of failure)
Confirm with . or Enter, or press ? or * to list all spells.
Okay, then.
You closely miss something. Something hits you but does no damage.
Something barely misses you.
You barely miss something. You tail-slap something.
You hear some strange, mumbled words.
Something tries to affect you, but you resist.
Something barely misses you. Something bites you.
* * * LOW HITPOINT WARNING * * *
Something draws strength from your injuries!
Casting: Foxfire (safe; 50% risk of failure)
Confirm with . or Enter, or press ? or * to list all spells.
You miscast Foxfire.
Nothing appears to happen.
* * * LOW HITPOINT WARNING * * *
Something hits you.
* * * LOW HITPOINT WARNING * * *
You emit a cloud of foul miasma!
Something closely misses you.
You miss something. Something hits you.
* * * LOW HITPOINT WARNING * * *
Something closely misses you.
Unknown command.
Casting: Foxfire (safe; 50% risk of failure)
Confirm with . or Enter, or press ? or * to list all spells.
You conjure some foxfire!
* * * LOW HITPOINT WARNING * * *
Something barely misses you. Something bites you but does no damage.
You hit something.
The foxfire hits something but does no damage. x2
Something hits you but does no damage. Something bites you!
You die...

#.# #.# .(# +# #.#
####.### .. ##.# .......#
######.## #..# .......#
#.....>.# ####'#####
.......# #.......#
#.....)..# .......#
.......{# #........#
.......+ #......@####
#........# ....<..#
#....<.ยงยง..###.[......#
.......#
#.......##...#........#
.......#
#.......####.'>.......#
.......# #.......#
###........# ##...###
##.###### ##'#######
###.# #. #......# .... #
######.# ....#


There were no monsters in sight!

Vanquished Creatures
  An unseen horror (D:8)
  Maggie (D:6)
  A hornet (D:8)
  2 wyverns (D:8)
  5 yaks (D:8)
  A basilisk (D:8)
  A warg (D:9)
  An acid dragon (D:9)
  7 water moccasins
  6 orc warriors (D:9)
  3 ice beasts
  Pargi (Sewer)
  An ogre (D:5)
  4 black bears
  2 centaurs
  Blork the orc (D:5)
  2 kobold brigands (D:8)
  2 gnoll sergeants
  A bullfrog (D:7)
  3 scorpions
  12 wights
  8 killer bees (D:9)
  2 electric eels (D:7)
  3 hounds
  A gnoll bouda (D:7)
  2 jellies
  7 orc priests
  Crazy Yiuf (D:7)
  4 iguanas
  Natasha (thrice) (D:4)
  8 orc wizards
  Robin (D:3)
  18 gnolls
  12 adders
  A river rat (D:5)
  4 shadow imps
  A white imp (D:8)
  2 ufetubi (D:5)
  4 worms
  2 dart slugs
  32 orcs
  7 endoplasms
  4 giant cockroaches
  13 goblins
  10 hobgoblins
  9 jackals
  13 kobolds
  7 quokkas
  9 ball pythons
  3 bats
  8 frilled lizards
  6 rats
263 creatures vanquished.

Vanquished Creatures (others)
  A human (D:4)
  24 foxfires (D:9)
25 creatures vanquished.

Grand Total: 288 creatures vanquished

Notes
Turn   | Place    | Note
-------+----------+-------------------------------------------
     0 | D:1      | monsoonserge the Demonspawn Monk began the quest for the
                  | Orb.
     0 | D:1      | Reached XP level 1. HP: 18/18 MP: 1/1
   161 | D:1      | Gained mutation: You have a small tail. [demonic ancestry]
   161 | D:1      | Reached XP level 2. HP: 20/24 MP: 2/2
   755 | D:2      | Reached XP level 3. HP: 29/29 MP: 3/3
  1562 | D:3      | Gained mutation: A meltable shield of frost defends you.
                  | (SH +4) [demonic ancestry]
  1562 | D:3      | Reached XP level 4. HP: 35/35 MP: 4/4
  1837 | D:3      | Noticed Robin
  1865 | D:3      | Killed Robin
  1866 | D:3      | Reached skill level 1 in Armour
  2383 | D:3      | Found a faded altar of an unknown god.
  2497 | D:4      | Noticed a gnoll sergeant
  2536 | D:3      | Reached XP level 5. HP: 22/41 MP: 5/5
  2609 | D:4      | Found an ancient bone altar of Kikubaaqudgha.
  2621 | D:4      | Noticed a human
  2623 | D:4      | Killed a human
  2648 | D:4      | Found a burning altar of Makhleb.
  2669 | D:4      | Noticed Natasha
  2682 | D:4      | Killed Natasha
  2867 | D:4      | Reached skill level 1 in Short Blades
  2990 | D:4      | Gained mutation: You may rarely emit foul miasma when
                  | damaged in melee. [demonic ancestry]
  2990 | D:4      | Reached XP level 6. HP: 18/48 MP: 6/6
  3256 | D:4      | Reached skill level 1 in Shields
  3360 | D:4      | Noticed Natasha
  3371 | D:4      | Killed Natasha
  3455 | D:4      | Noticed Natasha
  3460 | D:4      | Killed Natasha
  3652 | D:5      | Entered Level 5 of the Dungeon
  3652 | D:5      | Noticed a water moccasin
  3652 | D:5      | Found Gozag's Platinum Reserve.
  3652 | D:5      | Found an opulent altar of Gozag.
  3664 | D:5      | Killed a water moccasin
  3665 | D:5      | Gained mutation: A meltable icy envelope protects you from
                  | harm. (AC +4) [demonic ancestry]
  3665 | D:5      | Reached XP level 7. HP: 34/55 MP: 7/7
  3673 | D:5      | Got the Spellbook of the Hapless Nimbus
  3778 | D:5      | Reached skill level 1 in Evocations
  3835 | D:5      | Found a broken altar of Ashenzari.
  3878 | D:5      | Found a glowing drain.
  3894 | Sewer    | Entered a sewer
  3956 | Sewer    | Noticed Pargi
  3970 | Sewer    | Killed Pargi
  4173 | D:5      | Found a radiant altar of Vehumet.
  4252 | D:5      | Noticed Blork the orc
  4263 | D:5      | Killed Blork the orc
  4421 | D:5      | Reached XP level 8. HP: 61/61 MP: 8/8
  5264 | D:4      | Reached skill level 5 in Fighting
  5373 | D:4      | Found a staircase to the Ecumenical Temple.
  5379 | Temple   | Entered the Ecumenical Temple
  5507 | D:4      | Reached skill level 5 in Shields
  5678 | D:6      | Noticed Maggie
  5722 | D:6      | Killed Maggie
  5723 | D:6      | Reached skill level 1 in Stealth
  5723 | D:6      | Reached XP level 9. HP: 40/68 MP: 9/9
  5987 | D:6      | Found a shadowy altar of Dithmenos.
  6136 | D:6      | Found a sacrificial altar of Ru.
  6261 | D:7      | Found a sparkling altar of Nemelex Xobeh.
  6380 | D:7      | Reached skill level 5 in Armour
  6395 | D:7      | Reached skill level 5 in Short Blades
  6488 | D:7      | Reached skill level 5 in Dodging
  6595 | D:7      | Found a stormy altar of Qazlal.
  6615 | D:7      | Found a hazy altar of Hepliaklqana.
  6755 | D:7      | Identified the amulet "Qushonn" {Faith Rampage Slay+3}
  6885 | D:7      | Identified the +7 rapier of Carved Blind Justice {venom,
                  | rPois rN++}
  6899 | D:7      | Found a runed translucent door.
  6900 | D:7      | Noticed Crazy Yiuf
  7221 | D:7      | Killed Crazy Yiuf
  7386 | D:8      | Killed an unseen horror
  7679 | D:8      | Gained mutation: You have a tail ending in a sharp stinger.
                  | [demonic ancestry]
  7679 | D:8      | Reached XP level 10. HP: 56/76 MP: 10/10
  8033 | D:8      | Found a staircase to the Lair.
  8341 | D:8      | Found an ornate altar of the Wu Jian Council.
  8563 | D:9      | Found a snail-covered altar of Cheibriados.
  8812 | D:9      | Found a staircase to the Orcish Mines.
  8906 | D:9      | Identified a scroll of acquirement
  8914 | D:9      | Acquired the +6 Majin-Bo {spellvamp, MP+6 Int+6}
  8914 | D:9      | Found the +6 Majin-Bo {spellvamp, MP+6 Int+6}
  9040 | D:5      | Became a worshipper of Vehumet
  9040 | D:5      | Reached * piety under Vehumet
  9040 | D:5      | Offered knowledge of Foxfire by Vehumet.
  9040 | D:5      | Reached ** piety under Vehumet
  9043 | D:5      | Learned a level 1 spell: Foxfire
  9208 | D:9      | Offered knowledge of Scorch by Vehumet.
  9228 | D:9      | Learned a level 2 spell: Scorch
  9350 | D:9      | Slain by a vampire

Illustrated notes

Levels and vault maps discovered:
D:1:      minmay_arrival_plants_in_alcoves, layout_basic,
          nicolae_figureground_pulse
D:2:      layout_basic, interstate_on_off, dk_vineyard_2, st_stairs_14
D:3:      layout_loops_corners, shapermc_ecumenical_altar_petra, uniq_robin
D:4:      layout_gridville, tgw_kikubaaqudgha,
          mainiacjoe_overflow_cross_hatched, minmay_temple_entry_fiery,
          hangedman_decor_diamond_cutter, uniq_natasha
D:5:      minmay_bubble_buster, layout_loops_ring, cheibrodos_ashenzari_chains,
          nicolae_vehumet_altar_sigil, nicolae_gozag_zags_fifth_avenue,
          cheibrodos_sewer_entry_sluice, dreamdust_wishing_well,
          uniq_blork_the_orc
D:6:      layout_rooms, grunt_dithmenos_smoke_and_mirrors, lemuel_crystal_altar,
          chequers_serial_rivers_marsh, uniq_maggie
D:7:      statuecave_lemuel, layout_rooms, amcnicky_altar_gilded,
          kennysheep_little_box, grunt_qazlal_clouds, serial_park_tiny_pond,
          bh_walls_and_bars, uniq_crazy_yiuf_cottage
D:8:      layout_cave_pools, pdpol_wu_jian_five_deadly_venoms,
          minmay_lair_entry_grove
D:9:      layout_roguey, overflow_temple_1_default, david_orc_1_choice,
          chequers_serial_rivers_micro_d
Temple:   cyrus_temple_forest

Skill      XL: |  1  2  3  4  5  6  7  8  9 10 |
---------------+-------------------------------+-----
Long Blades    | 3 |  3.8
Dodging        | 3 4 5 6 |  6.5
Armour         | 1 2 4 5 |  5.5
Short Blades   | 1 2 3 4 5 7 |  7.7
Fighting       | 4 5 6 7 |  7.1
Shields        | 2 3 5 6 7 |  7.5
Evocations     | 1 |  1.0
Stealth        | 1 2 |  2.4
Conjurations   | |  0.5
Fire Magic     | |  0.4

Action                     |  1- 3 |  4- 6 |  7- 9 | 10-12 || total
---------------------------+-------+-------+-------+-------++-------
  Melee: Falchion          |    87 |     9 |    54 |       ||   150
         Tailslap          |     5 |    34 |    91 |    31 ||   161
         Dagger            |       |   192 |   401 |       ||   593
         Rapier            |       |       |    83 |   150 ||   233
         Bo                |       |       |       |    22 ||    22
   Cast: Foxfire           |       |       |       |    12 ||    12
         Scorch            |       |       |       |     2 ||     2
    Use: Scroll            |       |       |       |    12 ||    12
   Stab: Sleeping          |       |       |     1 |     2 ||     3
 Armour: Robe              |     4 |       |       |       ||     4
         Scale mail        |    39 |    70 |    85 |       ||   194
         Acid dragon scale |       |       |    49 |    61 ||   110
  Dodge: Dodged            |    50 |    89 |   298 |   126 ||   563
  Block: Buckler           |    16 |    70 |   242 |    55 ||   383
         Kite shield       |       |       |       |    70 ||    70
